 Dungeon Sprint DCSS version 0.21.0 (webtiles) character file.

2285 wojtek the Bludgeoner (level 9, -1/135 HPs)
             Began as a Minotaur Berserker on Jan 6, 2018.
             Was a High Priest of Trog.
             Slain by a tentacle (6 damage)
             ... attached to a kraken
             ... in the Dungeon (Sprint II: "The Violet Keep of Menkaure").
             The game lasted 00:02:46 (640 turns).

wojtek the Bludgeoner (Minotaur Berserker)           Turns: 640, Time: 00:02:47

Health: -1/135     AC:  3    Str: 29    XL:     9   Next: 17%
Magic:  6/6        EV: 17    Int:  4    God:    Trog [*****.]
Gold:   1053       SH:  0    Dex:  9    Spells: 8/8 levels left

rFire    . . .     SeeInvis .   a - +0 mace
rCold    . . .     Gourm    .   (no shield)
rNeg     . . .     Faith    .   b - +0 animal skin
rPois    .         Spirit   .   (helmet restricted)
rElec    .         Reflect  .   (no cloak)
rCorr    .         Harm     .   (no gloves)
MR       .....     Rnd*Rage +   (no boots) Stlth ..........NoTele +
                                (no amulet)
HPRegen  0.32/turn              (no ring)
MPRegen  0.10/turn              (no ring)

@: berserking, very quick
A: retaliatory headbutt, horns 2, berserk 1, clumsy 1, low mp 2, subdued magic 1
a: Berserk, Trog's Hand, Brothers in Arms, Burn Spellbooks, Renounce Religion


You were in the Dungeon.
You worshipped Trog.
Trog was extremely pleased with you.
You were hungry.

You visited 1 branch You collected 1053 gold pieces.

Inventory:

Hand Weapons
 a - a +0 mace (weapon)
 k - a +5 fustibalus of freezing
Armour
 b - a +0 animal skin (worn)
Scrolls
 i - a scroll of blinking
Potions
 d - a potion of curing
 e - a potion of heal wounds
 f - a potion of haste
 g - 2 potions of magic
 h - a potion of berserk rage
Comestibles
 c - a ration
 j - 5 chunks of flesh


   Skills:
 + Level 11.6 Fighting
 * Level 15.3 Maces & Flails
 + Level 11.3 Armour
 + Level 10.5 Dodging


You had 8 spell levels left.
You didn't know any spells.

Dungeon Overview and Level Annotations

Branches:
Dungeon (1/1)

Altars:
Cheibriados
Dithmenos
Elyvilon
Fedhas
Gozag
Hepliaklqana
Kikubaaqudgha
Makhleb
Nemelex Xobeh
Qazlal
Ru
Sif Muna
Trog
Uskayaw
Wu Jian
Xom
Yredelemnul
The Shining One
Beogh
Jiyva
Lugonu

Shops:
D !=?}!%:[


Innate Abilities, Weirdness & Mutations

You reflexively headbutt those who attack you in melee.
You have a pair of horns on your head.
You tend to lose your temper in combat.
You are clumsy. (Dex -2)
Your magical capacity is very low. (-20% MP)
Your spells are a little easier to cast, but a little less powerful.


Message History

The tentacle is severely wounded.
The tentacle barely misses you.
You completely miss the tentacle. You headbutt the tentacle!!
The tentacle is almost dead.
The tentacle misses you. You furiously retaliate!
You headbutt the tentacle.
You feel the power of Trog in you as your rage grows.
You kill the tentacle!
You bludgeon the tentacle!!
The tentacle is heavily wounded.
The tentacle slaps you!!
* * * LOW HITPOINT WARNING * * *
The tentacle slaps you!!
* * * LOW HITPOINT WARNING * * *
Tentacles burst out of the water!
You hit the tentacle but do no damage.
The tentacle is heavily wounded.
The tentacle slaps you.
* * * LOW HITPOINT WARNING * * *
The tentacle slaps you.
You die...

#. +.### }▓([%$??$%▓▓
...####▓%(!?($$!▓▓
#..##.#▓([!(([[$▓▓
+..#..#▓?)(?$!(=▓▓
#..#).#▓?%(?%$[$▓▓
##..##.#▓$=)[[[(!▓▓
###..÷##▓▓▓▓▓▓▓+▓▓▓▓+▓
..≈≈≈≈§≈≈≈≈≈≈≈≈.@wXw≈▓
.§≈#+########§###ww≈≈▓
..≈#....._..#§§≈##≈≈≈▓
≈.≈#...._._.#§≈§§####▓
≈≈≈#..._._._#≈≈≈§§#
≈≈§#.._._._.#≈≈§§§§#
≈≈≈#._._._._#§§§≈§§+
#§§#_._._._.#§§§≈≈§
#§§#._._._._# §§


You could see a kraken and 4 tentacles.

Vanquished Creatures
  A merfolk siren (D)
  A yaktaur (D)
  A hornet (D)
  3 polar bears (D)
  4 neqoxecs (D)
  4 crocodiles (D)
  4 worker ants (D)
  3 worms (D)
  2 tentacles (D)
23 creatures vanquished.

Vanquished Creatures (others)
  Menkaure (D)
  A crocodile (D)
  4 tentacles (D)
6 creatures vanquished.

Grand Total: 29 creatures vanquished

Notes
Turn   | Place    | Note
-------+----------+-------------------------------------------
     0 | D        | wojtek the Minotaur Berserker began the quest for the Orb.
     0 | D        | Reached XP level 1. HP: 19/19 MP: 0/0
     1 | D        | Noticed a neqoxec
     2 | D        | Noticed a crimson imp
     8 | D        | Gained mutation: Your magical capacity is low. (-10% MP) [a neqoxec]
    11 | D        | Gained mutation: Your spells are a little easier to cast, but a little less powerful. [a neqoxec]
    13 | D        | Gained mutation: You are clumsy. (Dex -2) [a neqoxec]
    14 | D        | Killed a neqoxec
    14 | D        | Reached skill level 8 in Maces & Flails
    14 | D        | Reached skill level 5 in Armour
    14 | D        | Reached skill level 5 in Dodging
    14 | D        | Reached XP level 2. HP: 30/30 MP: 0/0
    14 | D        | Reached XP level 3. HP: 37/37 MP: 1/1
    14 | D        | Reached XP level 4. HP: 44/44 MP: 2/2
    20 | D        | Killed Menkaure
    45 | D        | Noticed a neqoxec
    45 | D        | Noticed a neqoxec
    46 | D        | Noticed a neqoxec
    51 | D        | Killed a neqoxec
    51 | D        | Reached skill level 10 in Maces & Flails
    51 | D        | Reached XP level 5. HP: 52/52 MP: 3/3
    54 | D        | Killed a neqoxec
    54 | D        | Reached ** piety under Trog
    54 | D        | Reached skill level 11 in Maces & Flails
    54 | D        | Reached XP level 6. HP: 62/62 MP: 4/4
    56 | D        | Gained mutation: Your magical capacity is very low. (-20% MP) [a neqoxec]
    58 | D        | Gained mutation: You tend to lose your temper in combat. [a neqoxec]
    59 | D        | Killed a neqoxec
    59 | D        | Reached XP level 7. HP: 69/69 MP: 4/4
    60 | D        | Noticed an ice statue
    96 | D        | Reached skill level 12 in Maces & Flails
   112 | D        | Reached *** piety under Trog
   163 | D        | Noticed a merfolk siren
   171 | D        | Killed a merfolk siren
   171 | D        | Reached **** piety under Trog
   171 | D        | Reached skill level 10 in Fighting
   171 | D        | Reached skill level 13 in Maces & Flails
   213 | D        | Reached XP level 8. HP: 79/79 MP: 5/5
   230 | D        | Found Yreoca's Food Emporium.
   230 | D        | Found Puugge Xazi's Antique Armour Emporium.
   230 | D        | Found Ipour's Distillery.
   230 | D        | Found Veixavay's Book Shoppe.
   230 | D        | Found Hien's Gadget Emporium.
   231 | D        | Found Emmypium's Magic Scroll Shoppe.
   231 | D        | Found Fuucvythy's Jewellery Emporium.
   231 | D        | Found Leciyrie's Distillery.
   248 | D        | Found a blossoming altar of Fedhas.
   249 | D        | Found a white marble altar of Elyvilon.
   249 | D        | Found an opulent altar of Gozag.
   249 | D        | Found a burning altar of Makhleb.
   250 | D        | Found a shadowy altar of Dithmenos.
   250 | D        | Found a corrupted altar of Lugonu.
   251 | D        | Found a snail-covered altar of Cheibriados.
   251 | D        | Found an ancient bone altar of Kikubaaqudgha.
   251 | D        | Found a bloodstained altar of Trog.
   251 | D        | Found a sparkling altar of Nemelex Xobeh.
   251 | D        | Found a hide-covered altar of Uskayaw.
   252 | D        | Found a roughly hewn altar of Beogh.
   252 | D        | Found a viscous altar of Jiyva.
   252 | D        | Found a deep blue altar of Sif Muna.
   252 | D        | Found a basalt altar of Yredelemnul.
   253 | D        | Found a hazy altar of Hepliaklqana.
   253 | D        | Found a sacrificial altar of Ru.
   254 | D        | Found a stormy altar of Qazlal.
   254 | D        | Found an ornate altar of the Wu Jian Council.
   254 | D        | Found a shimmering altar of Xom.
   254 | D        | Noticed a polar bear
   261 | D        | Killed a polar bear
   261 | D        | Reached ***** piety under Trog
   261 | D        | Reached skill level 10 in Armour
   262 | D        | Noticed a yaktaur
   262 | D        | Noticed a hornet
   263 | D        | Noticed a polar bear
   263 | D        | Noticed a polar bear
   266 | D        | Killed a hornet
   266 | D        | Reached skill level 14 in Maces & Flails
   272 | D        | Killed a polar bear
   274 | D        | Killed a polar bear
   274 | D        | Received a gift from Trog
   274 | D        | Reached skill level 10 in Dodging
   276 | D        | Killed a yaktaur
   276 | D        | Reached skill level 15 in Maces & Flails
   276 | D        | Reached XP level 9. HP: 32/89 MP: 6/6
   555 | D        | Noticed a kraken
   624 | D        | Found a glowing golden altar of the Shining One.
   640 | D        | HP: 5/135 [tentacle[a kraken] (2)]
   640 | D        | Slain by a tentacle

Skill      XL: |  1  2  3  4  5  6  7  8 |
---------------+-------------------------+-----
Fighting       | 6 7 8 10 11 | 11.6
Maces & Flails | 8 10 11 13 15 | 15.3
Armour         | 5 7 8 9 11 | 11.3
Dodging        | 5 6 7 8 10 | 10.5

Action                   |  1- 3 |  4- 6 |  7- 9 || total
-------------------------+-------+-------+-------++-------
Melee: Mace              |    11 |    10 |    67 ||    88
       Headbutt          |     3 |     1 |    15 ||    19
Invok: Berserk           |     1 |     1 |     5 ||     7
  Eat: Chunk             |       |       |     5 ||     5
Armor: Animal skin       |       |       |     3 ||     3
Dodge: Dodged            |     5 |     4 |    50 ||    59
